 Dungeon Crawl Stone Soup version 0.18-a0-721-g8fc53f4 (webtiles) character file.

59 Duffy the Ruffian (level 4, 28/28 HPs)
             Began as a Tengu Fighter on Dec 8, 2015.
             Quit the game on level 2 of the Dungeon.
             The game lasted 00:01:21 (1999 turns).

Duffy the Ruffian (Tengu Fighter)                   Turns: 1999, Time: 00:01:21

Health: 28/28      AC:  8    Str: 17    XL:     4   Next: 3%
Magic:  5/5        EV:  9    Int: 12    God:
Gold:   119        SH:  0    Dex: 13    Spells: 0 memorised, 3 levels left

rFire  . . .     SeeInvis .       - Unarmed
rCold  . . .     Clarity  .     a - +0 scale mail
rNeg   . . .     SustAt   .     (no shield)
rPois  .         Gourm    .     (helmet restricted)
rElec  .         Spirit   .     f - +0 cloak
rCorr  .         Dismiss  .     (no gloves)
rMut   .         Stasis   .     (boots unavailable)
MR     .....                    (no amulet)
Stlth  +.........               k - +3 ring of intelligence
                                e - ring of stealth

@: not resistant to hostile enchantments, very unstealthy
A: beak, talons 3
a: no special abilities


You were on level 2 of the Dungeon.
You were not hungry.

You visited 1 branch of the dungeon, and saw 2 of its levels.

You collected 119 gold pieces.


Innate Abilities, Weirdness & Mutations

You have a beak for a mouth.
You have claws for feet.


   Skills:
 - Level 3.0 Fighting
 - Level 3.2 Armour
 - Level 3.0 Shields
 + Level 4.6 Unarmed Combat


You had 3 spell levels left.
You didn't know any spells.

Inventory:

Armour
 a - a +0 scale mail (worn)
 b - a +0 shield
 f - a +0 cloak (worn)
Jewellery
 e - a ring of stealth (left hand)
 k - a +3 ring of intelligence (right hand)
Scrolls
 j - a scroll of identify {unknown}
 l - a scroll of immolation {unknown}
 n - a scroll of teleportation {unknown}
 o - a scroll of blinking {unknown}
 q - a scroll of amnesia {unknown}
Potions
 c - 3 potions of might
 g - 2 potions of curing {unknown}
 h - a potion of heal wounds {unknown}
 i - 2 potions of brilliance {unknown}
 m - 2 potions of magic {unknown}
 p - 3 potions of poison {unknown}
Comestibles
 d - a bread ration

Dungeon Overview and Level Annotations

Branches:
Dungeon (2/15)

Altars:
Qazlal
Sif Muna


Message History

You closely miss the quokka.
The quokka is moderately wounded.
The quokka bites you but does no damage.
You closely miss the quokka. You claw the quokka.
You peck the quokka, but do no damage.
The quokka is severely wounded.
The quokka closely misses you.
You closely miss the quokka. You claw the quokka, but do no damage.
The quokka is severely wounded.
The quokka completely misses you.
Your scale mail prevents you from hitting the quokka.
Your peck misses the quokka.
The quokka is severely wounded.
The quokka bites you but does no damage.
You closely miss the quokka. You peck the quokka.
You kill the quokka!
No target in view!
All of the chunks of flesh in your inventory have rotted away.
You see here a goblin corpse.
An adder comes into view.
The adder moves out of view.
You hit the adder. Your peck misses the adder.
The adder is lightly wounded.
The adder bites you but does no damage.
You hit the adder.
The adder is moderately wounded.
The adder barely misses you. The adder bites you but does no damage.
You punch the adder!
The adder is almost dead.
The adder bites you but does no damage.
You hit the adder.
You kill the adder!
You have reached level 4!
You feel clever.
Are you sure you want to abandon this character and quit the game? (Confirm with "yes".)

##.# #.#.# #.# ...# #.#.#
#.# ...# #.#.# #.#
...###...#########.#
##...............#.#
#####
####..........##.#.#
#...# #
#.#########.#.#.#####.#%#
# #.# #............#.# #
#.# #####..#@#.#######.#
# #.#
#...[..#.#.#.....#.# ...
#.###.##.#.#.###.#.# ...
.........#.#.#...#.#
#........#.#.#.###.#
#........#.#.......#
#........#.###.#########
#.######.#.#...........#
#........#.#...#########


There were no monsters in sight!

Action                   |  1- 3 |  4- 6 || total
-------------------------+-------+-------++-------
Melee: Unarmed           |   123 |       ||   123
 Stab: Sleeping          |     1 |       ||     1
  Eat: Chunk             |     3 |       ||     3

Notes
Turn   | Place    | Note
--------------------------------------------------------------
     0 | D:1      | Duffy the Tengu Fighter began the quest for the Orb.
     0 | D:1      | Reached XP level 1. HP: 14/14 MP: 2/2
   318 | D:1      | Reached XP level 2. HP: 17/19 MP: 3/3
   359 | D:1      | Reached skill level 3 in Unarmed Combat
  1101 | D:2      | Reached XP level 3. HP: 20/23 MP: 4/4
  1154 | D:2      | Found a stormy altar of Qazlal.
  1154 | D:2      | Found a deep blue altar of Sif Muna.
  1349 | D:2      | Reached skill level 4 in Unarmed Combat
  1998 | D:2      | Reached XP level 4. HP: 28/28 MP: 5/5
  1999 | D:2      | Quit the game

Vault maps used:
D:1:      nagdon_arrival_double_spiral
D:2:      gammafunk_temple_overflow_elements, kennysheep_generic_room_7

Vanquished Creatures
  2 adders
  2 worms
  A giant gecko
  A ball python
  4 bats
  A giant cockroach
  5 hobgoblins
  A quokka
  4 giant newts
  3 goblins
  4 kobolds
  5 rats
33 creatures vanquished.
